RedWings vs Kings

Created - March-23-13 at 18:48

Goals
1 2 3 T
RedWings 0 0 1 1
Kings 0 2 1 3
Shots
1 2 3 T
RedWings 1 7 15 23
Kings 10 10 13 33

1st period

No Goal

Penalties :
Pavel Kubina (DET) for Cross-checking (Minor) at 1:56, Curtis Glencross (DET) for Hooking (Minor) at 8:25, Sergei Gonchar (LOS) for Holding (Minor) at 19:31

2nd period

1. Kings , Luke Adam 9 (Justin Faulk, Ryan Johansen) at 4:30 (PP)
2. Kings , Matt Duchene 17 (Sergei Gonchar) at 12:11

Penalties :
Keith Yandle (DET) for Tripping (Minor) at 4:11, Keith Yandle (DET) for Hooking (Minor) at 4:51, Devante Smith-Pelly (LOS) for Tripping (Minor) at 9:09

3rd period

3. Kings , Devante Smith-Pelly 5 (Luke Adam, Jonathon Blum) at 9:47
4. RedWings , Ray Whitney 22 (Brian Campbell, Eric Brewer) at 15:42

Penalties :
Curtis Glencross (DET) for Interference (Minor) at 6:20, Ray Whitney (DET) for Roughing (Minor) at 13:15, Justin Faulk (LOS) for Slashing (Minor) at 17:17

Goalie Stats

Thomas Greiss (DET), 30 saves from 33 shots - (0.909), L, 0-5-3, 60:00 minutes
Miikka Kiprusoff (LOS), 22 saves from 23 shots - (0.957), W, 28-33-11, 60:00 minutes

Players Stats for RedWings

Player Name              G  A  P  +/- PIM S  H  SB GA TA FO     MP     PP MP  PK MP  
------------------------------------------------------------------------------------
Alexandre Burrows        0  0  0   0  0   1  4  1  0  0  0/0    23:04   3:21   0:00 
Brian Campbell           0  1  1   1  0   0  0  3  0  0  0/0    24:29   3:03   5:40 
Chris Summers            0  0  0   0  0   0  0  0  0  0  0/0     3:44   0:00   0:00 
Curtis Glencross         0  0  0  -1  4   4  2  0  0  0  0/1    20:54   2:45   3:00 
Daymond Langkow          0  0  0  -1  0   1  1  0  0  0  10/19  18:34   2:36   0:47 
Eric Brewer              0  1  1   1  0   2  2  5  0  0  0/0    24:29   3:03   5:40 
Jared Spurgeon           0  0  0   0  0   0  0  0  0  0  0/0    10:36   0:00   1:05 
Joe Thornton             0  0  0   0  0   0  1  0  0  0  8/17   16:55   3:21   0:00 
Keith Yandle             0  0  0  -2  4   0  2  2  0  0  0/0    21:09   2:54   3:29 
Mark Fraser              0  0  0   0  0   0  0  0  0  0  0/0     3:44   0:00   0:00 
Nate Thompson            0  0  0   0  0   0  0  0  0  0  12/29  16:48   0:00   6:30 
Paul Martin              0  0  0  -2  0   1  1  1  0  0  0/0    22:16   2:54   4:34 
Pavel Kubina             0  0  0   0  2   4  2  0  0  0  0/0     9:30   0:00   0:00 
Ray Whitney              1  0  1   0  2   6  1  0  0  0  0/2    24:40   0:36   4:58 
Ryan Whitney             0  0  0   0  0   0  0  0  0  0  0/0     0:00   0:00   0:00 
Sergei Kostitsyn         0  0  0  -1  0   2  0  0  0  0  0/0    21:52   1:55   0:00 
Stephen Gionta           0  0  0   0  0   0  2  0  0  0  1/2    14:17   2:36   2:10 
Travis Zajac             0  0  0   0  0   2  0  0  0  0  4/11   12:39   0:41   3:03 

Players Stats for Kings

Player Name              G  A  P  +/- PIM S  H  SB GA TA FO     MP     PP MP  PK MP  
------------------------------------------------------------------------------------
Devante Smith-Pelly      1  0  1   0  2   3  2  0  0  0  0/1    11:30   0:00   0:00 
Erik Condra              0  0  0   1  0   1  0  0  0  0  1/2    21:52   6:11   1:54 
Jamie McBain             0  0  0  -1  0   1  0  1  0  0  0/0    16:37   0:00   0:00 
Jonathon Blum            0  1  1   1  0   0  0  0  0  0  0/0    14:25   0:00   2:43 
Justin Faulk             0  1  1  -1  2   3  2  2  0  0  0/0    22:07   3:44   1:47 
Luke Adam                1  1  2   0  0   3  0  0  0  0  1/2    15:34   4:03   0:00 
Mark Scheifele           0  0  0   0  0   0  0  0  0  0  5/9    11:31   0:00   0:00 
Matt Duchene             1  0  1   1  0   8  0  0  0  0  14/27  21:38   6:11   1:40 
Matt Hendricks           0  0  0   0  0   0  1  1  0  0  0/0    11:46   0:00   0:00 
Matt Taormina            0  0  0   1  0   2  0  0  0  0  0/0    17:25   3:44   1:59 
Michael Frolik           0  0  0   0  0   1  0  0  0  0  0/0     6:45   0:00   0:00 
Michael Rupp             0  0  0   0  0   0  1  0  0  0  4/6     6:45   0:00   0:00 
Michal Handzus           0  0  0   0  0   0  0  0  0  0  13/23  15:49   0:00   4:03 
Ryan Johansen            0  1  1   1  0   2  5  0  0  0  7/10   18:12   4:03   0:22 
Sean Bergenheim          0  0  0   0  0   2  4  0  0  0  1/1    21:52   6:11   3:55 
Sergei Gonchar           0  1  1   1  2   2  2  1  0  0  0/0    24:00   6:30   2:01 
Vyacheslav Voynov        0  0  0   1  0   3  8  1  0  0  0/0    25:24   6:30   3:24 
Wojtek Wolski            0  0  0   0  0   2  0  0  0  0  0/0    10:48   4:03   0:00 

3 Stars

1 - Miikka Kiprusoff (LOS)
2 - Luke Adam (LOS)
3 - Ryan Johansen (LOS)

Power Play

RedWings - 0 on 3 Attempt(s) - 0.00%
Kings - 1 on 6 Attempt(s) - 16.67%

Penalty Kill

RedWings - 5 on 6 Attempt(s) - 83.33% - Score 0 goal in Penalty Kill
Kings - 3 on 3 Attempt(s) - 100.00% - Score 0 goal in Penalty Kill

Official

Referees : Dennis LaRue and Jean Hebert
Linesman : Scott Driscoll and Don Henderson

Game Notes

No Game Note

Finance

Level 1 -- Attendance: 6500 (100.00%) -- Ticket Income $520,000
Level 2 -- Attendance: 5000 (100.00%) -- Ticket Income $250,000
Level 3 -- Attendance: 3500 (100.00%) -- Ticket Income $122,500
Level 4 -- Attendance: 2118 (100.00%) -- Ticket Income $42,360
Luxury Box -- Attendance: 1000 (100.00%) -- Ticket Income $200,000
Game was played at the Staples Center
Total Attendance: 18118 (100.00%)
Total Ticket Income: $1,134,860
Other Income: $170,229
Total Income: $1,305,089


% Time on Ice - RedWings

Lines # - Real PCT - Wanted PCT - Time Play
Normal Forward
1 - 24% - 35% - 10:23
2 - 35% - 35% - 15:11
3 - 20% - 20% - 8:55
4 - 21% - 10% - 9:20
Normal Defense
1 - 34% - 35% - 14:48
2 - 36% - 35% - 15:46
3 - 22% - 20% - 9:31
4 - 9% - 10% - 3:44
PP Forward
1 - 44% - 60% - 2:36
2 - 56% - 40% - 3:21
PP Defense
1 - 51% - 60% - 3:03
2 - 49% - 40% - 2:54
PK Forward
1 - 70% - 60% - 7:11
2 - 30% - 40% - 3:03
PK Defense
1 - 55% - 60% - 5:40
2 - 45% - 40% - 4:34
PK3 Forward
1 - 0% - 60%
2 - 0% - 40%
PK3 Defense
1 - 0% - 60%
2 - 0% - 40%
44 Forward
1 - 0% - 60%
2 - 0% - 40%
44 Defense
1 - 0% - 60%
2 - 0% - 40%
Last Minute Offensive  - 0:00
Last Minute Defensive  - 0:00
Total
Forward - 60:00
Defense - 60:00

% Time on Ice - Kings

Lines # - Real PCT - Wanted PCT - Time Play
Normal Forward
1 - 31% - 40% - 13:47
2 - 27% - 30% - 11:46
3 - 26% - 20% - 11:31
4 - 15% - 10% - 6:45
Normal Defense
1 - 35% - 40% - 15:30
2 - 38% - 30% - 16:37
3 - 27% - 20% - 11:42
4 - 0% - 10% - 0:00
PP Forward
1 - 60% - 60% - 6:11
2 - 40% - 40% - 4:03
PP Defense
1 - 64% - 60% - 6:30
2 - 36% - 40% - 3:44
PK Forward
1 - 72% - 60% - 4:17
2 - 28% - 40% - 1:40
PK Defense
1 - 57% - 60% - 3:24
2 - 43% - 40% - 2:33
PK3 Forward
1 - 0% - 60%
2 - 0% - 40%
PK3 Defense
1 - 0% - 60%
2 - 0% - 40%
44 Forward
1 - 0% - 60%
2 - 0% - 40%
44 Defense
1 - 0% - 60%
2 - 0% - 40%
Last Minute Offensive  - 0:00
Last Minute Defensive  - 0:00
Total
Forward - 60:00
Defense - 60:00

Play by Play

1st period


0:01 of 1st period - Matt Duchene wins face-off versus Joe Thornton in neutral zone.
0:01 of 1st period - Matt Duchene is hit by Joe Thornton.
0:04 of 1st period - Erik Condra is hit by Keith Yandle and loses puck.
1:56 of 1st period - Minor Penalty to Pavel Kubina for Cross-checking.
1:57 of 1st period - Ryan Johansen wins face-off versus Nate Thompson in RedWings zone.
2:36 of 1st period - Off-side.
2:37 of 1st period - Matt Duchene wins face-off versus Nate Thompson in neutral zone.
3:10 of 1st period - Shot by Justin Faulk.
3:10 of 1st period - Stopped by Thomas Greiss without a rebound.
3:11 of 1st period - Ryan Johansen wins face-off versus Travis Zajac in RedWings zone.
3:12 of 1st period - Shot by Vyacheslav Voynov.
3:12 of 1st period - Shot Blocked by Eric Brewer.
3:14 of 1st period - Shot by Wojtek Wolski.
3:14 of 1st period - Shot Blocked by Eric Brewer.
3:16 of 1st period - Shot by Wojtek Wolski.
3:16 of 1st period - Shot Misses the Net.
3:18 of 1st period - Shot by Sergei Gonchar.
3:18 of 1st period - Shot Misses the Net.
3:20 of 1st period - Shot by Sergei Gonchar.
3:20 of 1st period - Stopped by Thomas Greiss with a rebound.
3:22 of 1st period - Shot by Ryan Johansen.
3:22 of 1st period - Shot Blocked by Eric Brewer.
3:24 of 1st period - Shot by Wojtek Wolski.
3:24 of 1st period - Stopped by Thomas Greiss without a rebound.
3:25 of 1st period - Nate Thompson wins face-off versus Matt Duchene in RedWings zone.
3:29 of 1st period - Off-side.
3:30 of 1st period - Matt Duchene wins face-off versus Travis Zajac in neutral zone.
3:43 of 1st period - Shot by Vyacheslav Voynov.
3:43 of 1st period - Stopped by Thomas Greiss without a rebound.
3:44 of 1st period - Nate Thompson wins face-off versus Ryan Johansen in RedWings zone.
4:56 of 1st period - Off-side.
4:57 of 1st period - Mark Scheifele wins face-off versus Joe Thornton in neutral zone.
5:02 of 1st period - Alexandre Burrows is hit by Devante Smith-Pelly and loses puck.
5:29 of 1st period - Shot by Devante Smith-Pelly.
5:29 of 1st period - Shot Blocked by Brian Campbell.
5:51 of 1st period - Shot by Matt Duchene.
5:51 of 1st period - Stopped by Thomas Greiss without a rebound.
5:52 of 1st period - Michael Rupp wins face-off versus Travis Zajac in RedWings zone.
6:18 of 1st period - Sergei Kostitsyn is hit by Vyacheslav Voynov.
7:00 of 1st period - Shot by Erik Condra.
7:00 of 1st period - Deflect By Matt Duchene.
7:00 of 1st period - Stopped by Thomas Greiss without a rebound.
7:01 of 1st period - Joe Thornton wins face-off versus Michal Handzus in RedWings zone.
8:02 of 1st period - Chris Summers is hit by Ryan Johansen and loses puck.
8:08 of 1st period - Off-side.
8:09 of 1st period - Mark Scheifele wins face-off versus Curtis Glencross in neutral zone.
8:25 of 1st period - Minor Penalty to Curtis Glencross for Hooking.
8:26 of 1st period - Matt Duchene wins face-off versus Nate Thompson in RedWings zone.
8:33 of 1st period - Shot by Matt Duchene.
8:33 of 1st period - Shot Misses the Net.
9:43 of 1st period - Shot by Ryan Johansen.
9:43 of 1st period - Shot Misses the Net.
9:45 of 1st period - Shot by Matt Taormina.
9:45 of 1st period - Stopped by Thomas Greiss without a rebound.
9:46 of 1st period - Ryan Johansen wins face-off versus Nate Thompson in RedWings zone.
9:51 of 1st period - Shot by Justin Faulk.
9:51 of 1st period - Stopped by Thomas Greiss without a rebound.
9:52 of 1st period - Matt Duchene wins face-off versus Nate Thompson in RedWings zone.
11:12 of 1st period - Icing by Jamie McBain.
11:13 of 1st period - Joe Thornton wins face-off versus Luke Adam in Kings zone.
11:42 of 1st period - Shot by Alexandre Burrows.
11:42 of 1st period - Shot Misses the Net.
11:48 of 1st period - Jamie McBain is hit by Ray Whitney and loses puck.
12:51 of 1st period - Shot by Michal Handzus.
12:51 of 1st period - Shot Misses the Net.
12:53 of 1st period - Shot by Matt Taormina.
12:53 of 1st period - Shot Blocked by Brian Campbell.
13:33 of 1st period - Shot by Curtis Glencross.
13:33 of 1st period - Shot Blocked by Matt Hendricks.
13:56 of 1st period - Jared Spurgeon is hit by Vyacheslav Voynov.
14:01 of 1st period - Daymond Langkow is hit by Vyacheslav Voynov and loses puck.
15:30 of 1st period - Icing by Eric Brewer.
15:31 of 1st period - Joe Thornton wins face-off versus Mark Scheifele in RedWings zone.
16:28 of 1st period - Shot by Michal Handzus.
16:28 of 1st period - Shot Blocked by Keith Yandle.
17:18 of 1st period - Shot by Wojtek Wolski.
17:18 of 1st period - Stopped by Thomas Greiss without a rebound.
17:19 of 1st period - Matt Duchene wins face-off versus Nate Thompson in RedWings zone.
17:24 of 1st period - Shot by Ryan Johansen.
17:24 of 1st period - Stopped by Thomas Greiss with a rebound.
18:11 of 1st period - Shot by Curtis Glencross.
18:11 of 1st period - Stopped by Miikka Kiprusoff without a rebound.
18:12 of 1st period - Michal Handzus wins face-off versus Travis Zajac in Kings zone.
19:08 of 1st period - Icing by Eric Brewer.
19:09 of 1st period - Michael Rupp wins face-off versus Daymond Langkow in RedWings zone.
19:31 of 1st period - Minor Penalty to Sergei Gonchar for Holding.
19:32 of 1st period - Michal Handzus wins face-off versus Joe Thornton in Kings zone.
19:32 of 1st period - Michal Handzus is hit by Alexandre Burrows.
19:50 of 1st period - Shot by Paul Martin.
19:50 of 1st period - Shot Misses the Net.

2nd period


0:01 of 2nd period - Michal Handzus wins face-off versus Stephen Gionta in neutral zone.
0:31 of 2nd period - Stephen Gionta is hit by Vyacheslav Voynov and loses puck.
1:02 of 2nd period - Justin Faulk is hit by Alexandre Burrows.
1:11 of 2nd period - Justin Faulk is hit by Alexandre Burrows and loses puck.
2:09 of 2nd period - Icing by Jared Spurgeon.
2:10 of 2nd period - Matt Duchene wins face-off versus Nate Thompson in RedWings zone.
2:37 of 2nd period - Jared Spurgeon is hit by Ryan Johansen.
3:37 of 2nd period - Off-side.
3:38 of 2nd period - Michal Handzus wins face-off versus Travis Zajac in neutral zone.
3:38 of 2nd period - Justin Faulk is hit by Stephen Gionta and loses puck.
3:54 of 2nd period - Shot by Jamie McBain.
3:54 of 2nd period - Shot Misses the Net.
4:04 of 2nd period - Shot by Justin Faulk.
4:04 of 2nd period - Stopped by Thomas Greiss without a rebound.
4:05 of 2nd period - Matt Duchene wins face-off versus Daymond Langkow in RedWings zone.
4:11 of 2nd period - Minor Penalty to Keith Yandle for Tripping.
4:12 of 2nd period - Erik Condra wins face-off versus Nate Thompson in RedWings zone.
4:12 of 2nd period - Erik Condra is hit by Eric Brewer.
4:26 of 2nd period - Shot by Vyacheslav Voynov.
4:26 of 2nd period - Stopped by Thomas Greiss without a rebound.
4:27 of 2nd period - Ryan Johansen wins face-off versus Nate Thompson in RedWings zone.
4:28 of 2nd period - Shot by Justin Faulk.
4:28 of 2nd period - Shot Misses the Net.
4:30 of 2nd period - Shot by Luke Adam.
4:30 of 2nd period - Goal by Luke Adam - RedWings : 0 - Kings : 1.
4:31 of 2nd period - Daymond Langkow wins face-off versus Matt Duchene in neutral zone.
4:38 of 2nd period - Shot by Curtis Glencross.
4:38 of 2nd period - Shot Misses the Net.
4:40 of 2nd period - Shot by Keith Yandle.
4:40 of 2nd period - Shot Blocked by Justin Faulk.
4:51 of 2nd period - Minor Penalty to Keith Yandle for Hooking.
4:52 of 2nd period - Ryan Johansen wins face-off versus Ray Whitney in RedWings zone.
4:55 of 2nd period - Shot by Luke Adam.
4:55 of 2nd period - Shot Hit the Post.
4:59 of 2nd period - Shot by Sergei Gonchar.
4:59 of 2nd period - Stopped by Thomas Greiss with a rebound.
5:16 of 2nd period - Shot by Sergei Gonchar.
5:16 of 2nd period - Deflect By Luke Adam.
5:16 of 2nd period - Stopped by Thomas Greiss without a rebound.
5:17 of 2nd period - Matt Duchene wins face-off versus Nate Thompson in RedWings zone.
5:46 of 2nd period - Shot by Justin Faulk.
5:46 of 2nd period - Shot Misses the Net.
5:48 of 2nd period - Shot by Sean Bergenheim.
5:48 of 2nd period - Stopped by Thomas Greiss without a rebound.
5:49 of 2nd period - Ryan Johansen wins face-off versus Travis Zajac in RedWings zone.
6:48 of 2nd period - Shot by Justin Faulk.
6:48 of 2nd period - Shot Misses the Net.
6:50 of 2nd period - Shot by Erik Condra.
6:50 of 2nd period - Shot Misses the Net.
6:53 of 2nd period - Icing by Chris Summers.
6:54 of 2nd period - Travis Zajac wins face-off versus Michal Handzus in RedWings zone.
7:09 of 2nd period - Shot by Sergei Kostitsyn.
7:09 of 2nd period - Shot Misses the Net.
7:54 of 2nd period - Shot by Joe Thornton.
7:54 of 2nd period - Deflect By Ray Whitney.
7:54 of 2nd period - Stopped by Miikka Kiprusoff without a rebound.
7:55 of 2nd period - Daymond Langkow wins face-off versus Matt Duchene in Kings zone.
8:16 of 2nd period - Erik Condra is hit by Keith Yandle and loses puck.
8:30 of 2nd period - Shot by Ryan Johansen.
8:30 of 2nd period - Shot Blocked by Keith Yandle.
8:37 of 2nd period - Erik Condra is hit by Paul Martin and loses puck.
8:57 of 2nd period - Matt Taormina is hit by Eric Brewer and loses puck.
9:09 of 2nd period - Minor Penalty to Devante Smith-Pelly for Tripping.
9:10 of 2nd period - Joe Thornton wins face-off versus Michal Handzus in Kings zone.
9:35 of 2nd period - Sergei Gonchar is hit by Curtis Glencross and loses puck.
9:53 of 2nd period - Icing by Stephen Gionta.
9:54 of 2nd period - Daymond Langkow wins face-off versus Matt Duchene in RedWings zone.
9:59 of 2nd period - Shot by Paul Martin.
9:59 of 2nd period - Shot Blocked by Justin Faulk.
10:01 of 2nd period - Shot by Keith Yandle.
10:01 of 2nd period - Shot Misses the Net.
10:03 of 2nd period - Shot by Paul Martin.
10:03 of 2nd period - Stopped by Miikka Kiprusoff with a rebound.
10:05 of 2nd period - Shot by Stephen Gionta.
10:05 of 2nd period - Shot Misses the Net.
10:18 of 2nd period - Daymond Langkow is hit by Vyacheslav Voynov and loses puck.
10:46 of 2nd period - Brian Campbell is hit by Ryan Johansen and loses puck.
11:03 of 2nd period - Shot by Ray Whitney.
11:03 of 2nd period - Deflect By Alexandre Burrows.
11:03 of 2nd period - Stopped by Miikka Kiprusoff without a rebound.
11:04 of 2nd period - Stephen Gionta wins face-off versus Michal Handzus in Kings zone.
11:09 of 2nd period - Shot by Sergei Kostitsyn.
11:09 of 2nd period - Shot Misses the Net.
11:11 of 2nd period - Shot by Pavel Kubina.
11:11 of 2nd period - Deflect By Sergei Kostitsyn.
11:11 of 2nd period - Shot Misses the Net.
11:23 of 2nd period - Shot by Travis Zajac.
11:23 of 2nd period - Stopped by Miikka Kiprusoff without a rebound.
11:24 of 2nd period - Nate Thompson wins face-off versus Michael Rupp in Kings zone.
11:35 of 2nd period - Shot by Ray Whitney.
11:35 of 2nd period - Shot Misses the Net.
11:43 of 2nd period - Shot by Ray Whitney.
11:43 of 2nd period - Stopped by Miikka Kiprusoff without a rebound.
11:44 of 2nd period - Daymond Langkow wins face-off versus Erik Condra in Kings zone.
12:11 of 2nd period - Shot by Matt Duchene.
12:11 of 2nd period - Goal by Matt Duchene - RedWings : 0 - Kings : 2.
12:12 of 2nd period - Michal Handzus wins face-off versus Joe Thornton in neutral zone.
12:28 of 2nd period - Icing by Ray Whitney.
12:29 of 2nd period - Joe Thornton wins face-off versus Mark Scheifele in RedWings zone.
12:29 of 2nd period - Joe Thornton is hit by Devante Smith-Pelly.
13:14 of 2nd period - Icing by Matt Taormina.
13:15 of 2nd period - Mark Scheifele wins face-off versus Daymond Langkow in Kings zone.
13:19 of 2nd period - Jonathon Blum is hit by Curtis Glencross and loses puck.
13:53 of 2nd period - Shot by Matt Duchene.
13:53 of 2nd period - Stopped by Thomas Greiss without a rebound.
13:54 of 2nd period - Michal Handzus wins face-off versus Nate Thompson in RedWings zone.
14:20 of 2nd period - Shot by Alexandre Burrows.
14:20 of 2nd period - Shot Misses the Net.
14:43 of 2nd period - Icing by Jared Spurgeon.
14:44 of 2nd period - Nate Thompson wins face-off versus Matt Duchene in RedWings zone.
16:58 of 2nd period - Shot by Jamie McBain.
16:58 of 2nd period - Stopped by Thomas Greiss without a rebound.
16:59 of 2nd period - Nate Thompson wins face-off versus Michael Rupp in RedWings zone.
17:01 of 2nd period - Ray Whitney is hit by Michael Rupp and loses puck.
17:05 of 2nd period - Eric Brewer is hit by Justin Faulk and loses puck.
17:24 of 2nd period - Shot by Michael Frolik.
17:24 of 2nd period - Stopped by Thomas Greiss without a rebound.
17:25 of 2nd period - Michal Handzus wins face-off versus Daymond Langkow in RedWings zone.
17:36 of 2nd period - Matt Hendricks is hit by Daymond Langkow and loses puck.
17:41 of 2nd period - Shot by Pavel Kubina.
17:41 of 2nd period - Stopped by Miikka Kiprusoff with a rebound.
17:43 of 2nd period - Shot by Pavel Kubina.
17:43 of 2nd period - Stopped by Miikka Kiprusoff with a rebound.
18:00 of 2nd period - Off-side.
18:01 of 2nd period - Matt Duchene wins face-off versus Nate Thompson in neutral zone.
18:06 of 2nd period - Ray Whitney is hit by Ryan Johansen.
19:17 of 2nd period - Shot by Luke Adam.
19:17 of 2nd period - Shot Blocked by Brian Campbell.
19:42 of 2nd period - Icing by Michal Handzus.
19:43 of 2nd period - Daymond Langkow wins face-off versus Michal Handzus in Kings zone.

3rd period


0:01 of 3rd period - Matt Duchene wins face-off versus Joe Thornton in neutral zone.
0:21 of 3rd period - Icing by Keith Yandle.
0:22 of 3rd period - Michal Handzus wins face-off versus Joe Thornton in RedWings zone.
0:54 of 3rd period - Shot by Ray Whitney.
0:54 of 3rd period - Shot Misses the Net.
1:20 of 3rd period - Shot by Matt Duchene.
1:20 of 3rd period - Deflect By Ryan Johansen.
1:20 of 3rd period - Shot Misses the Net.
1:26 of 3rd period - Shot by Ryan Johansen.
1:26 of 3rd period - Shot Misses the Net.
1:28 of 3rd period - Shot by Vyacheslav Voynov.
1:28 of 3rd period - Shot Misses the Net.
1:30 of 3rd period - Shot by Ryan Johansen.
1:30 of 3rd period - Shot Misses the Net.
1:46 of 3rd period - Shot by Vyacheslav Voynov.
1:46 of 3rd period - Stopped by Thomas Greiss without a rebound.
1:47 of 3rd period - Nate Thompson wins face-off versus Devante Smith-Pelly in RedWings zone.
2:39 of 3rd period - Icing by Matt Taormina.
2:40 of 3rd period - Travis Zajac wins face-off versus Mark Scheifele in Kings zone.
2:49 of 3rd period - Shot by Travis Zajac.
2:49 of 3rd period - Stopped by Miikka Kiprusoff without a rebound.
2:50 of 3rd period - Daymond Langkow wins face-off versus Matt Duchene in Kings zone.
2:57 of 3rd period - Shot by Curtis Glencross.
2:57 of 3rd period - Shot Misses the Net.
3:15 of 3rd period - Shot by Matt Duchene.
3:15 of 3rd period - Stopped by Thomas Greiss without a rebound.
3:16 of 3rd period - Michal Handzus wins face-off versus Travis Zajac in RedWings zone.
4:42 of 3rd period - Shot by Matt Duchene.
4:42 of 3rd period - Stopped by Thomas Greiss without a rebound.
4:43 of 3rd period - Michael Rupp wins face-off versus Nate Thompson in RedWings zone.
4:43 of 3rd period - Michael Rupp is hit by Pavel Kubina.
4:48 of 3rd period - Michael Frolik is hit by Pavel Kubina and loses puck.
5:05 of 3rd period - Shot by Michael Frolik.
5:05 of 3rd period - Shot Misses the Net.
5:07 of 3rd period - Shot by Matt Taormina.
5:07 of 3rd period - Shot Blocked by Alexandre Burrows.
5:09 of 3rd period - Shot by Michael Rupp.
5:09 of 3rd period - Shot Misses the Net.
6:05 of 3rd period - Shot by Devante Smith-Pelly.
6:05 of 3rd period - Stopped by Thomas Greiss with a rebound.
6:20 of 3rd period - Minor Penalty to Curtis Glencross for Interference.
6:21 of 3rd period - Nate Thompson wins face-off versus Matt Duchene in RedWings zone.
6:21 of 3rd period - Ray Whitney is hit by Sean Bergenheim and loses puck.
7:35 of 3rd period - Icing by Vyacheslav Voynov.
7:36 of 3rd period - Nate Thompson wins face-off versus Matt Duchene in Kings zone.
7:36 of 3rd period - Brian Campbell is hit by Vyacheslav Voynov and loses puck.
9:41 of 3rd period - Shot by Luke Adam.
9:41 of 3rd period - Stopped by Thomas Greiss with a rebound.
9:43 of 3rd period - Shot by Luke Adam.
9:43 of 3rd period - Shot Misses the Net.
9:45 of 3rd period - Shot by Luke Adam.
9:45 of 3rd period - Shot Misses the Net.
9:47 of 3rd period - Shot by Devante Smith-Pelly.
9:47 of 3rd period - Goal by Devante Smith-Pelly - RedWings : 0 - Kings : 3.
9:48 of 3rd period - Travis Zajac wins face-off versus Michal Handzus in neutral zone.
9:53 of 3rd period - Matt Taormina is hit by Stephen Gionta and loses puck.
10:55 of 3rd period - Shot by Alexandre Burrows.
10:55 of 3rd period - Deflect By Ray Whitney.
10:55 of 3rd period - Stopped by Miikka Kiprusoff without a rebound.
10:56 of 3rd period - Mark Scheifele wins face-off versus Daymond Langkow in Kings zone.
11:31 of 3rd period - Shot by Devante Smith-Pelly.
11:31 of 3rd period - Stopped by Thomas Greiss without a rebound.
11:32 of 3rd period - Michael Rupp wins face-off versus Nate Thompson in RedWings zone.
11:38 of 3rd period - Brian Campbell is hit by Vyacheslav Voynov and loses puck.
11:58 of 3rd period - Alexandre Burrows is hit by Sergei Gonchar and loses puck.
12:03 of 3rd period - Shot by Ray Whitney.
12:03 of 3rd period - Shot Blocked by Vyacheslav Voynov.
12:27 of 3rd period - Shot by Travis Zajac.
12:27 of 3rd period - Shot Misses the Net.
12:32 of 3rd period - Sergei Kostitsyn is hit by Sergei Gonchar and loses puck.
12:47 of 3rd period - Shot by Sergei Kostitsyn.
12:47 of 3rd period - Stopped by Miikka Kiprusoff without a rebound.
12:48 of 3rd period - Matt Duchene wins face-off versus Daymond Langkow in Kings zone.
13:13 of 3rd period - Shot by Curtis Glencross.
13:13 of 3rd period - Stopped by Miikka Kiprusoff without a rebound.
13:14 of 3rd period - Michal Handzus wins face-off versus Joe Thornton in Kings zone.
13:14 of 3rd period - Michal Handzus is hit by Alexandre Burrows.
13:15 of 3rd period - Minor Penalty to Ray Whitney for Roughing.
13:16 of 3rd period - Nate Thompson wins face-off versus Matt Duchene in RedWings zone.
13:16 of 3rd period - Nate Thompson is hit by Sean Bergenheim.
13:34 of 3rd period - Shot by Matt Taormina.
13:34 of 3rd period - Stopped by Thomas Greiss without a rebound.
13:35 of 3rd period - Nate Thompson wins face-off versus Ryan Johansen in RedWings zone.
13:44 of 3rd period - Shot by Justin Faulk.
13:44 of 3rd period - Shot Misses the Net.
13:46 of 3rd period - Shot by Matt Taormina.
13:46 of 3rd period - Shot Blocked by Paul Martin.
13:48 of 3rd period - Shot by Justin Faulk.
13:48 of 3rd period - Shot Misses the Net.
13:50 of 3rd period - Shot by Luke Adam.
13:50 of 3rd period - Deflect By Ryan Johansen.
13:50 of 3rd period - Stopped by Thomas Greiss without a rebound.
13:51 of 3rd period - Sean Bergenheim wins face-off versus Nate Thompson in RedWings zone.
13:54 of 3rd period - Shot by Matt Duchene.
13:54 of 3rd period - Shot Blocked by Eric Brewer.
13:58 of 3rd period - Shot by Erik Condra.
13:58 of 3rd period - Stopped by Thomas Greiss with a rebound.
14:00 of 3rd period - Shot by Erik Condra.
14:00 of 3rd period - Deflect By Matt Duchene.
14:00 of 3rd period - Shot Misses the Net.
14:16 of 3rd period - Shot by Curtis Glencross.
14:16 of 3rd period - Stopped by Miikka Kiprusoff with a rebound.
14:28 of 3rd period - Shot by Sean Bergenheim.
14:28 of 3rd period - Stopped by Thomas Greiss without a rebound.
14:29 of 3rd period - Luke Adam wins face-off versus Daymond Langkow in RedWings zone.
14:37 of 3rd period - Icing by Justin Faulk.
14:38 of 3rd period - Nate Thompson wins face-off versus Ryan Johansen in Kings zone.
14:38 of 3rd period - Nate Thompson is hit by Justin Faulk.
14:43 of 3rd period - Icing by Justin Faulk.
14:44 of 3rd period - Ryan Johansen wins face-off versus Nate Thompson in Kings zone.
14:54 of 3rd period - Off-side.
14:55 of 3rd period - Matt Duchene wins face-off versus Nate Thompson in neutral zone.
14:57 of 3rd period - Off-side.
14:58 of 3rd period - Nate Thompson wins face-off versus Matt Duchene in neutral zone.
15:42 of 3rd period - Shot by Ray Whitney.
15:42 of 3rd period - Goal by Ray Whitney - RedWings : 1 - Kings : 3.
15:43 of 3rd period - Travis Zajac wins face-off versus Matt Duchene in neutral zone.
15:59 of 3rd period - Icing by Ryan Johansen.
16:00 of 3rd period - Matt Duchene wins face-off versus Ray Whitney in Kings zone.
16:05 of 3rd period - Brian Campbell is hit by Ryan Johansen and loses puck.
16:10 of 3rd period - Shot by Erik Condra.
16:10 of 3rd period - Deflect By Matt Duchene.
16:10 of 3rd period - Shot Hit the Post.
16:12 of 3rd period - Shot by Matt Duchene.
16:12 of 3rd period - Stopped by Thomas Greiss with a rebound.
16:16 of 3rd period - Shot by Vyacheslav Voynov.
16:16 of 3rd period - Shot Blocked by Eric Brewer.
16:28 of 3rd period - Shot by Matt Duchene.
16:28 of 3rd period - Stopped by Thomas Greiss without a rebound.
16:29 of 3rd period - Daymond Langkow wins face-off versus Michal Handzus in RedWings zone.
16:41 of 3rd period - Icing by Keith Yandle.
16:42 of 3rd period - Mark Scheifele wins face-off versus Daymond Langkow in RedWings zone.
16:53 of 3rd period - Shot by Daymond Langkow.
16:53 of 3rd period - Shot Misses the Net.
16:55 of 3rd period - Shot by Daymond Langkow.
16:55 of 3rd period - Stopped by Miikka Kiprusoff with a rebound.
16:57 of 3rd period - Shot by Curtis Glencross.
16:57 of 3rd period - Stopped by Miikka Kiprusoff without a rebound.
16:58 of 3rd period - Joe Thornton wins face-off versus Matt Duchene in Kings zone.
17:10 of 3rd period - Icing by Brian Campbell.
17:11 of 3rd period - Joe Thornton wins face-off versus Michal Handzus in RedWings zone.
17:11 of 3rd period - Joe Thornton is hit by Matt Hendricks.
17:17 of 3rd period - Shot by Ray Whitney.
17:17 of 3rd period - Stopped by Miikka Kiprusoff without a rebound.
17:17 of 3rd period - Minor Penalty to Justin Faulk for Slashing.
17:18 of 3rd period - Michal Handzus wins face-off versus Daymond Langkow in Kings zone.
17:32 of 3rd period - Icing by Eric Brewer.
17:33 of 3rd period - Daymond Langkow wins face-off versus Michal Handzus in RedWings zone.
17:33 of 3rd period - Daymond Langkow is hit by Sean Bergenheim.
17:46 of 3rd period - Shot by Eric Brewer.
17:46 of 3rd period - Stopped by Miikka Kiprusoff without a rebound.
17:47 of 3rd period - Michal Handzus wins face-off versus Joe Thornton in Kings zone.
18:01 of 3rd period - Paul Martin is hit by Sean Bergenheim and loses puck.
19:06 of 3rd period - Shot by Sergei Kostitsyn.
19:06 of 3rd period - Shot Blocked by Sergei Gonchar.
19:08 of 3rd period - Shot by Eric Brewer.
19:08 of 3rd period - Stopped by Miikka Kiprusoff without a rebound.
19:09 of 3rd period - Daymond Langkow wins face-off versus Michal Handzus in Kings zone.
19:20 of 3rd period - Shot by Ray Whitney.
19:20 of 3rd period - Shot Hit the Post.
19:22 of 3rd period - Shot by Pavel Kubina.
19:22 of 3rd period - Shot Blocked by Jamie McBain.
19:24 of 3rd period - Shot by Pavel Kubina.
19:24 of 3rd period - Stopped by Miikka Kiprusoff without a rebound.
19:25 of 3rd period - Joe Thornton wins face-off versus Mark Scheifele in Kings zone.
19:26 of 3rd period - Shot by Ray Whitney.
19:26 of 3rd period - Stopped by Miikka Kiprusoff with a rebound.
19:28 of 3rd period - Shot by Ray Whitney.
19:28 of 3rd period - Shot Misses the Net.
19:30 of 3rd period - Shot by Joe Thornton.
19:30 of 3rd period - Shot Misses the Net.
19:32 of 3rd period - Shot by Pavel Kubina.
19:32 of 3rd period - Stopped by Miikka Kiprusoff without a rebound.
19:33 of 3rd period - Daymond Langkow wins face-off versus Matt Duchene in Kings zone.
19:39 of 3rd period - Sergei Kostitsyn is hit by Vyacheslav Voynov.
19:49 of 3rd period - Shot by Sergei Kostitsyn.
19:49 of 3rd period - Stopped by Miikka Kiprusoff without a rebound.
19:50 of 3rd period - Michal Handzus wins face-off versus Joe Thornton in Kings zone.


Output by the SimonT Hockey Simulator (STHS) for Stephane Roy -- Original Page W3C XHTML 1.0 Valid
Hockey Simulator - Hockey Simulation - Hockey Manager